 Dungeon Crawl Stone Soup version 0.21.1-1-g345015f (webtiles) character file.

121 Lilu the Ducker (level 4, -6/44 HPs)
             Began as a Troll Fighter on June 18, 2018.
             Mangled by a gnoll
             ... wielding a +0 flail of draining
              (8 damage)
             ... on level 4 of the Dungeon.
             The game lasted 00:17:56 (1844 turns).

Lilu the Ducker (Troll Fighter)                     Turns: 1844, Time: 00:17:57

Health: -6/44      AC:  5    Str: 30    XL:     4   Next: 76%
Magic:  3/3        EV:  9    Int:  4    God:
Gold:   104        SH:  9    Dex:  9    Spells: 3/3 levels left

rFire    . . .     SeeInvis .   a - +0 flail
rCold    . . .     Gourm    +   c - +0 shield
rNeg     . . .     Faith    .   m - +0 robe
rPois    .         Spirit   .   (helmet restricted)
rElec    .         Reflect  .   (no cloak)
rCorr    .         Harm     +   (gloves unavailable)
MR       .....                  (boots unavailable)
Stlth    +.........             k - amulet of harm
HPRegen  0.54/turn              (no ring)
MPRegen  0.08/turn              (no ring)

@: mighty
A: large, unfitting armour, claws 3, fast metabolism 3, gourmand, regeneration
1, shaggy fur 1, tough skin 2
a: no special abilities


You were on level 4 of the Dungeon.
You were not hungry.

You visited 1 branch of the dungeon, and saw 4 of its levels.

You collected 104 gold pieces.

Inventory:

Hand Weapons
 a - a +0 flail (weapon)
 h - a +0 short sword
 o - a +0 hand axe
 p - a cursed -1 hand axe
 t - a +0 spear
 u - a +0 club
Missiles
 j - 33 poisoned needles
 l - 8 curare-tipped needles
 s - 52 stones (quivered)
 A - 13 arrows
Armour
 b - a +0 robe
 c - a +0 shield (worn)
 g - a cursed +0 plate armour
 m - a +0 robe (worn)
 q - a +0 leather armour
 v - a +0 leather armour
 E - a +0 helmet
Jewellery
 k - an amulet of harm (around neck)
 n - an uncursed amulet of harm
Scrolls
 e - a scroll of noise {unknown}
 i - 4 scrolls of enchant weapon {unknown}
 r - a scroll of fear {unknown}
 w - a scroll of teleportation {unknown}
 x - a scroll of immolation {unknown}
 y - a scroll of enchant armour {unknown}
 z - 3 scrolls of remove curse {unknown}
 G - a scroll of magic mapping {unknown}
Potions
 B - a potion of heal wounds {unknown}
 C - a potion of agility {unknown}
 D - a potion of lignification {unknown}
 F - a potion of flight {unknown}
Comestibles
 f - 2 rations


   Skills:
 - Level 2.5 Fighting
 - Level 1.8 Maces & Flails
 * Level 4.3 Dodging
 - Level 2.5 Shields


You had 3 spell levels left.
You didn't know any spells.

Dungeon Overview and Level Annotations

Branches:
Dungeon (4/15)
 Temple: D:4-7

Altars:
Dithmenos


Innate Abilities, Weirdness & Mutations

You are too large for most types of armour.
You have claws for hands.
Your metabolism is lightning-fast.
You like to eat raw meat.
Your natural rate of healing is unusually fast.
You are covered in fur. (AC +1)
You have very tough skin. (AC +2)


Message History

* * * LOW HITPOINT WARNING * * *
The hound zombie bites you.
* * * LOW HITPOINT WARNING * * *
You sock the hound skeleton!
You destroy the hound skeleton!
The hound zombie bites you.
* * * LOW HITPOINT WARNING * * *
The gnoll hits you from afar with a spear.
* * * LOW HITPOINT WARNING * * *
The hound zombie bites you but does no damage.
The gnoll hits you but does no damage.
You see here 10 gold pieces.
You bludgeon the gnoll!!
You kill the gnoll!
The hound zombie bites you but does no damage.
The hound zombie bites you.
* * * LOW HITPOINT WARNING * * *
You barely miss the gnoll.
The gnoll hits you with a flail of draining!
You die...

#.#
.######.###.#
............#
#######.#####
#.# #a# #O#
#g# #@# #Z#
........#
#########


You could see an ogre, a worker ant, a gnoll and a hound zombie.

Vanquished Creatures
  A hound (D:4)
  A worker ant (D:4)
  A hound skeleton (D:4)
  2 adders
  A gnoll (D:4)
  3 giant cockroaches
  4 goblins
  A hobgoblin (D:3)
  A quokka (D:2)
  4 bats
  3 frilled lizards
  4 kobolds
  5 rats
  9 plants (D:1)
40 creatures vanquished.

Notes
Turn   | Place    | Note
-------+----------+-------------------------------------------
     0 | D:1      | Lilu the Troll Fighter began the quest for the Orb.
     0 | D:1      | Reached XP level 1. HP: 22/22 MP: 0/0
   501 | D:1      | Reached XP level 2. HP: 29/29 MP: 1/1
   855 | D:1      | Paralysed by fainting for 11 turns
  1092 | D:2      | Reached skill level 3 in Dodging
  1272 | D:2      | Found a shadowy altar of Dithmenos.
  1509 | D:2      | Reached XP level 3. HP: 36/36 MP: 2/2
  1816 | D:4      | Noticed an ogre
  1826 | D:4      | Reached skill level 4 in Dodging
  1826 | D:4      | Reached XP level 4. HP: 23/44 MP: 3/3
  1841 | D:4      | HP: 1/44 [gnoll/spear (6)]
  1844 | D:4      | Mangled by a gnoll

Skill      XL: |  1  2  3 |
---------------+----------+-----
Dodging        | 3 4 |  4.3
Fighting       | |  2.5
Maces & Flails | |  1.8
Shields        | |  2.5

Action                   |  1- 3 |  4- 6 || total
-------------------------+-------+-------++-------
Melee: Flail             |   364 |     6 ||   370
  Use: Potion            |       |     1 ||     1
  Eat: Ration            |     5 |       ||     5
Armor: Robe              |    79 |     7 ||    86
Dodge: Dodged            |    65 |     4 ||    69
Block: Shield            |    89 |     3 ||    92
